 Dungeon Crawl Stone Soup version 0.25-a0-190-g27fffb8c76 (webtiles) character file.

Game seed: 3302325862512284125, levelgen mode: deterministic

14 Goreval the Skirmisher (level 2, 24/24 HPs)
             Began as a Demonspawn Fighter on Nov 30, 2019.
             Got out of the dungeon alive.
             The game lasted 00:01:05 (434 turns).

Goreval the Skirmisher (Demonspawn Fighter)          Turns: 434, Time: 00:01:05

Health: 24/24      AC:  6    Str: 16    XL:     2   Next: 27%
Magic:  2/2        EV:  6    Int:  9    God:
Gold:   12         SH:  8    Dex: 12    Spells: 1/1 levels left

rFire    . . .     SeeInvis .   a - +0 trident
rCold    . . .     Gourm    .   c - +0 shield
rNeg     . . .     Faith    .   b - +0 scale mail
rPois    .         Spirit   .   (no helmet)
rElec    .         Reflect  .   (no cloak)
rCorr    .         Harm     .   (no gloves)
MR       .....                  (no boots)
Stlth    ..........             (no amulet)
HPRegen  0.08/turn              (no ring)
MPRegen  0.08/turn              (no ring)

@: no status effects
A: hooves 1
a: no special abilities


You escaped.
You were not hungry.

You visited 1 branch of the dungeon, and saw 1 of its levels.

You collected 12 gold pieces.

Inventory:

Hand Weapons
 a - a +0 trident (weapon)
Armour
 b - a +0 scale mail (worn)
 c - a +0 shield (worn)
Potions
 d - a potion of might
 e - 2 potions of curing {unknown}
Comestibles
 f - 3 rations
 g - a chunk of flesh


   Skills:
 + Level 3.1 Fighting
 * Level 2.2 Polearms
 + Level 2.8 Armour
 + Level 2.8 Shields


You had one spell level left.
You didn't know any spells.
Your spell library was empty.

Dungeon Overview and Level Annotations

Branches:
Dungeon (1/15)

Altars:


Innate Abilities, Weirdness & Mutations

You have large cloven feet.


Message History

A frilled lizard is nearby!
Unknown command.
You block the frilled lizard's attack.
You miss the frilled lizard.
The frilled lizard completely misses you.
You completely miss the frilled lizard.
You block the frilled lizard's attack. x2
You miss the frilled lizard. You kick the frilled lizard.
You kill the frilled lizard!
Things that are here:
a +0 club; a goblin skeleton
There is a stone staircase leading down here.
Things that are here:
a +0 dagger; a rat skeleton; a goblin skeleton
Found a hand axe.
Some of the chunks of flesh in your inventory have rotted away.
Some of the chunks of flesh in your inventory have rotted away.
There is an open door, spattered with blood here.
There is a staircase leading out of the dungeon here.
Are you sure you want to leave the Dungeon?
This will make you lose the game!
You have escaped!

########.# #.# #.# #.#
#.# #.##### ##.#####.#
#......
#........##########.#####
#..########....)....#
#########..#
##########.#.#
........#..#
##P#P♣....'.#.#
.######.#..#
♣.#P♣..≈≈)###.# .# #.#..#
#♣@....8≈## #.# .#
#.#..###♣.#P♣..≈≈≈# #.#
.#
#......###P#P♣....'...#
.#
###.###############.###
.#######.......# ...
..........####.# ###
.##...(...####.####.##
.##.#####.............
.##.# ##.####.######


There were no monsters in sight!

Vanquished Creatures
  A bat (D:1)
  A giant cockroach (D:1)
  2 goblins (D:1)
  3 hobgoblins (D:1)
  2 frilled lizards (D:1)
  2 kobolds (D:1)
  A rat (D:1)
12 creatures vanquished.

Notes
Turn   | Place    | Note
-------+----------+-------------------------------------------
     0 | D:1      | Goreval the Demonspawn Fighter began the quest for the Orb.
     0 | D:1      | Reached XP level 1. HP: 18/18 MP: 1/1
   189 | D:1      | Gained mutation: You have large cloven feet. [demonic
                  | ancestry]
   189 | D:1      | Reached XP level 2. HP: 21/24 MP: 2/2
   434 | D:$      | Got out of the dungeon alive.

Levels and vault maps discovered:
D:1:      tarquinn_simple_flora_water_d, layout_loops_ring

Skill      XL: |  1 |
---------------+----+-----
Polearms       | 2 |  2.2
Fighting       | |  3.1
Armour         | |  2.8
Shields        | |  2.8

Action                   || total
-------------------------++-------
Melee: Trident           ||    47
       Kick              ||     3
Armor: Scale mail        ||    19
Dodge: Dodged            ||    10
Block: Shield            ||    23

Table legend:
 A = Non-vault XP
 B = Vault XP
 C = Vault XP percentage of total XP
 D = Non-vault monster count
 E = Vault monster count
 F = Vault count percentage of total count
                 A         B        C        D         E       F
            +---------+---------+-------+---------+---------+-------
      Total |      20 |       0 |   0.0 |      12 |       0 |   0.0
            +---------+---------+-------+---------+---------+-------
        D:1 |      20 |       0 |   0.0 |      12 |       0 |   0.0
            +---------+---------+-------+---------+---------+-------
